 Dungeon Crawl Stone Soup version 0.20.1-1-g8b1a95d (webtiles) character file.

868 LovelyKittenz the Scholar of Death (level 7, -4/47 HPs)
             Began as a Vampire Necromancer on Nov 17, 2017.
             Was a Follower of Kikubaaqudgha.
             Slain by a bullfrog zombie (5 damage)
             ... on level 5 of the Dungeon.
             The game lasted 00:27:21 (6739 turns).

LovelyKittenz the Scholar of Death (VpNe)           Turns: 6739, Time: 00:27:22

Health: -4/47      AC:  0    Str:  7    XL:     7   Next: 73%
Magic:  5/15       EV: 21    Int: 19    God:    Kikubaaqudgha [*.....]
Gold:   411        SH:  0    Dex: 20    Spells: 15/17 levels left

rFire    . . .     SeeInvis +   (weapon currently unavailable)
rCold    . . .     Gourm    .   (shield currently unavailable)
rNeg     + . .     Faith    .   (armour currently unavailable)
rPois    .         Spirit   .   (helmet currently unavailable)
rElec    .         Reflect  .   (cloak currently unavailable)
rCorr    .         Harm     .   (gloves currently unavailable)
MR       .....                  (boots currently unavailable)
Stlth    +++++.....             (no amulet)
Regen    0.2/turn               (ring currently unavailable)
MPRegen  0.2/turn               (ring currently unavailable)

@: bat-form, flying, very quick
A: fangs 3, see invisible
a: End Transformation, Receive Corpses, Renounce Religion


You were on level 5 of the Dungeon.
You worshipped Kikubaaqudgha.
Kikubaaqudgha was aware of your devotion.
You were not thirsty.
You were in vampire-bat-form.
You visited 1 branch of the dungeon, and saw 5 of its levels.

You collected 411 gold pieces.

Inventory:

Hand Weapons
 f - a +0 short sword (melded)
 g - a +0 hand axe
 t - a +0 hunting sling of flaming
Armour
 a - a +0 robe (melded)
 e - a +0 leather armour
 p - the +0 helmet "Xemets" (melded) {rC+ MR- rCorr Int+5}
   (You took it off Robin on level 2 of the Dungeon)

   It affects your intelligence (+5).
   It protects you from cold.
   It affects your resistance to hostile enchantments.
   It protects you from acid and corrosion.
 r - a +0 helmet
Magical Staves
 y - an uncursed staff of summoning
Jewellery
 j - an uncursed ring of protection from fire {unknown}
 l - an uncursed ring of magical power {unknown}
 s - an uncursed amulet of the gourmand {unknown}
Scrolls
 k - 2 scrolls of identify
 q - a scroll of amnesia
 u - 2 scrolls of blinking {unknown}
 v - 2 scrolls of magic mapping {unknown}
 w - a scroll of teleportation {unknown}
Potions
 c - a potion of degeneration {unknown}
 d - 5 potions of curing
 h - 2 potions of might {unknown}
 i - a potion of heal wounds {unknown}
 o - a potion of brilliance {unknown}
 z - a potion of flight {unknown}
 A - 2 potions of lignification {unknown}
Books
 b - a book of Necromancy

   Spells                             Type                      Level
   a - Pain                           Necromancy                   1
   b - Animate Skeleton               Necromancy                   1
   c - Vampiric Draining              Necromancy                   3
   d - Regeneration                   Charms/Necromancy            3
   e - Animate Dead                   Necromancy                   4
   f - Control Undead                 Necromancy                   4
 x - Kikubaaqudgha's Almanac of Stolen Souls
   (Kikubaaqudgha gifted it to you on level 4 of the Dungeon)

   Spells                             Type                      Level
   a - Pain                           Necromancy                   1
   b - Corpse Rot                     Necromancy                   2
   c - Sublimation of Blood           Necromancy                   2
   d - Regeneration                   Charms/Necromancy            3
   e - Control Undead                 Necromancy                   4


   Skills:
 + Level 0.5 Fighting
 + Level 0.9 Short Blades
 + Level 2.9 Dodging
 + Level 4.0 Stealth
 + Level 5.6 Spellcasting
 + Level 0.2 Charms
 + Level 7.8 Necromancy


You had 15 spell levels left.
You knew the following spells:

 Your Spells              Type           Power        Failure   Level  Hunger
a - Pain                  Necr           ####         1%          1    None
b - Animate Skeleton      Necr           N/A          1%          1    None


Dungeon Overview and Level Annotations

Branches:
Dungeon (5/15)
 Temple: D:4-7

Altars:
Fedhas
Gozag
Kikubaaqudgha
Nemelex Xobeh
Okawaru
Zin


Innate Abilities, Weirdness & Mutations

You have razor-sharp teeth.
You have supernaturally acute eyesight. (SInv)
((You can survive without breathing.))


Message History

The bullfrog zombie closely misses you. The phantom misses you.
You hit the phantom but do no damage.
The phantom is lightly damaged.
The bullfrog zombie hits you.
* * * LOW HITPOINT WARNING * * *
The phantom hits you!
* * * LOW HITPOINT WARNING * * *
As you read the scroll labeled CUPOOMU GAEPITU, it crumbles to dust.
You hear a loud clanging noise!
It was a scroll of noise.
The bullfrog zombie closely misses you.
The phantom blinks!
The bullfrog zombie closely misses you.
As you read the scroll labeled UCONO TOGI, it crumbles to dust.
You feel as if something is helping you.
It was a scroll of remove curse.
The bullfrog zombie barely misses you.
As you read the scroll labeled ENTEXASTUL, it crumbles to dust.
It is a scroll of amnesia.
Forget which spell ([?*] list [ESC] exit)?
Your memory of Regeneration unravels.
The bullfrog zombie hits you.
You die...
Kikubaaqudgha rasps: "You have failed me!
Welcome... oblivion!"

..........#.##...##..#
.........)..#.....#..#
.........#....._.....#
........##..#....W#..#
.......####.##...##.##
.......# #.........#
......## ###.....###
.....## # ##.#ยง##
...#.# ##.##.ZZb#
..##.# #.....####
.####. #....### ##
#.... # .......
#..##.. ## ###


You could see a phantom, a bullfrog zombie and a bullfrog skeleton.

Vanquished Creatures
  A sky beast (D:5)
  An ogre (D:5)
  2 scorpions (D:4)
  2 howler monkeys
  3 hounds
  3 orc priests (D:4)
  3 orc wizards
  A worker ant (D:2)
  A hound skeleton (D:4)
  Robin (D:2)
  3 gnolls (D:4)
  3 adders
  An ooze (D:3)
  2 worms (D:2)
  A dart slug (D:1)
  A leopard gecko (D:2)
  18 orcs
  A ball python (D:2)
  8 bats
  4 giant cockroaches
  15 goblins
  16 hobgoblins
  4 jackals (D:1)
  5 quokkas
  4 frilled lizards
  A jackal skeleton (D:4)
  12 kobolds
  2 rats (D:1)
  A fungus (D:3)
120 creatures vanquished.

Vanquished Creatures (collateral kills)
  An orc priest (D:4)
1 creature vanquished.

Grand Total: 121 creatures vanquished

Notes
Turn   | Place    | Note
-------+----------+-------------------------------------------
     0 | D:1      | LovelyKittenz the Vampire Necromancer began the quest for the Orb.
     0 | D:1      | Reached XP level 1. HP: 13/13 MP: 3/3
   226 | D:1      | Reached XP level 2. HP: 15/19 MP: 0/5
   417 | D:1      | Reached skill level 5 in Necromancy
   747 | D:2      | Reached XP level 3. HP: 4/24 MP: 3/6
  1767 | D:2      | Reached XP level 4. HP: 22/30 MP: 3/8
  2198 | D:2      | Found a blossoming altar of Fedhas.
  2317 | D:2      | Noticed Robin
  2478 | D:2      | Killed Robin
  2512 | D:2      | Got a shimmering helmet
  2641 | D:2      | Identified the +0 helmet "Xemets" {rC+ MR- rCorr Int+5} (You took it off Robin on level 2 of the Dungeon)
  2734 | D:3      | Reached XP level 5. HP: 33/35 MP: 4/10
  2737 | D:3      | Found an ancient bone altar of Kikubaaqudgha.
  2808 | D:3      | Became a worshipper of Kikubaaqudgha
  2811 | D:3      | Learned a level 1 spell: Animate Skeleton
  2815 | D:3      | Learned a level 3 spell: Regeneration
  2897 | D:3      | Found a glowing silver altar of Zin.
  3081 | D:3      | Found a sparkling altar of Nemelex Xobeh.
  3437 | D:3      | Reached skill level 6 in Necromancy
  3921 | D:4      | Reached XP level 6. HP: 31/41 MP: 8/12
  4727 | D:4      | Reached * piety under Kikubaaqudgha
  4727 | D:4      | Identified Kikubaaqudgha's Almanac of Stolen Souls (Kikubaaqudgha gifted it to you on level 4 of the Dungeon)
  4727 | D:4      | Received a gift from Kikubaaqudgha
  4843 | D:4      | Reached skill level 7 in Necromancy
  4861 | D:4      | Reached XP level 7. HP: 15/47 MP: 0/14
  5320 | D:4      | Reached skill level 5 in Spellcasting
  6177 | D:5      | Entered Level 5 of the Dungeon
  6539 | D:5      | Found an opulent altar of Gozag.
  6641 | D:5      | Found an iron altar of Okawaru.
  6736 | D:5      | HP: 1/47 [phantom (8)]
  6739 | D:5      | Slain by a bullfrog zombie

Skill      XL: |  1  2  3  4  5  6  7 |
---------------+----------------------+-----
Necromancy     | 5 6 7 |  7.8
Spellcasting   | 3 4 5 |  5.6
Stealth        | 4 |  4.0
Fighting       | |  0.5
Short Blades   | |  0.9
Dodging        | |  2.9
Charms         | |  0.2

Action                   |  1- 3 |  4- 6 |  7- 9 || total
-------------------------+-------+-------+-------++-------
Melee: Unarmed           |     7 |       |     2 ||     9
       Bite              |     4 |     4 |     4 ||    12
       Short sword       |    27 |    67 |    28 ||   122
 Cast: Pain              |    70 |   124 |    46 ||   240
       Animate Skeleton  |       |     8 |     2 ||    10
       Regeneration      |       |     3 |     3 ||     6
Invok: Receive Corpses   |       |       |     1 ||     1
 Abil: Bat Form          |       |       |     1 ||     1
  Use: Potion            |     1 |       |       ||     1
       Scroll            |       |     1 |     4 ||     5
 Stab: Sleeping          |       |     1 |       ||     1
  Eat: Corpse            |     4 |     8 |     3 ||    15
Armor: Robe              |     4 |    11 |     6 ||    21
Dodge: Dodged            |    33 |    60 |    52 ||   145
